 Dungeon Crawl Stone Soup version 0.28-a0-1190-g77e1c55843 (webtiles) character file.

Game seed: 9061920629813886335

9524 Mamutox the Covert (level 11, -4/47 HPs)
             Began as a Spriggan Venom Mage on Dec 18, 2021.
             Was a Follower of Nemelex Xobeh.
             Killed from afar by an acid dragon (18 damage)
             ... with a splash of acid
             ... on level 10 of the Dungeon.
             The game lasted 01:39:07 (17819 turns).

Mamutox the Covert (Spriggan Venom Mage)           Turns: 17819, Time: 01:39:07

Health: -4/47      AC:  3    Str:  2    XL:     11   Next: 24%
Magic:  27/34      EV: 22    Int: 21    God:    Nemelex Xobeh [*.....]
Gold:   578        SH:  5    Dex: 16    Spells: 16/29 levels left

rFire   . . .      SeeInvis +   b - +5 shortbow of the Destroying Oracle {freeze, MP+9}
rCold   + . .      Faith    .   (shield currently unavailable)
rNeg    . . .      Spirit   .   e - +0 robe
rPois   .          Reflect  +   (helmet restricted)
rElec   .          Harm     .   C - +0 cloak
rCorr   .          Rampage  .   (gloves unavailable)
Will    +....                   (boots unavailable)
Stlth   ++++++....              w - amulet of reflection
HPRegen 0.15/turn               d - ring of wizardry
MPRegen 0.24/turn               h - ring of protection from cold

@: very quick
A: very small, no large weapons, unfitting armour, see invisible, speed 3, weak
1
a: Renounce Religion, Draw Escape, Draw Destruction, Draw Summoning


You were on level 10 of the Dungeon.
You worshipped Nemelex Xobeh.
Nemelex Xobeh was aware of your devotion.
You visited 2 branches of the dungeon, and saw 11 of its levels.

You collected 578 gold pieces.

Inventory:

Hand Weapons
 a - a +3 short sword of protection
 b - the +5 shortbow of the Destroying Oracle (weapon) {freeze, MP+9}
   (You found it on level 6 of the Dungeon)

   Any ammunition fired from it freezes those it strikes, dealing additional
   cold damage.
   It can also slow down cold-blooded creatures.
   MP:        It affects your magic capacity (+9).
 k - a +4 dagger
 o - a +0 hunting sling
 N - a +2 dagger of freezing
Missiles
 c - 237 stones
 f - 3 atropa-tipped darts
 l - 171 arrows (quivered ammo)
 m - 67 poisoned darts
 r - 10 boomerangs
 I - 12 sling bullets
Armour
 e - a +0 robe (worn)
 C - a +0 cloak (worn)
Jewellery
 d - a ring of wizardry (left hand)
 h - a ring of protection from cold (right hand)
 w - an amulet of reflection (around neck)
 E - a ring of protection from cold
 K - a ring of protection from fire
Wands
 u - a wand of iceblast (6)
 x - a wand of flame (36)
 J - a wand of polymorph (10)
 O - a wand of charming (5)
Scrolls
 i - 2 scrolls of vulnerability {unknown}
 n - 6 scrolls of noise {unknown}
 p - 3 scrolls of blinking
 t - a scroll of holy word {unknown}
 A - 4 scrolls of enchant armour {unknown}
 B - 6 scrolls of teleportation
 D - a scroll of magic mapping {unknown}
 F - a scroll of fog {unknown}
 H - 2 scrolls of immolation
 P - a scroll of amnesia {unknown}
Potions
 g - a potion of flight
 j - 3 potions of curing
 q - a potion of heal wounds {unknown}
 s - 2 potions of haste
 v - 3 potions of cancellation
 z - a potion of resistance
 G - a potion of ambrosia {unknown}
 L - a potion of lignification
 M - 2 potions of berserk rage
 Q - a potion of attraction {unknown}


   Skills:
 + Level 6.0 Short Blades
 - Level 3.5 Slings
 - Level 8.0 Bows
 + Level 9.3 Dodging
 + Level 13.7 Stealth
 + Level 9.9 Spellcasting
 - Level 1.8 Transmutations
 - Level 1.6 Earth Magic
 - Level 3.0 Poison Magic
 - Level 3.9 Invocations
 - Level 5.2 Evocations


You had 16 spell levels left.
You knew the following spells:

 Your Spells              Type           Power      Damage    Failure   Level
a - Sting                 Tmut/Pois      80%        1d7       1%          1
b - Mephitic Cloud        Conj/Pois/Air  14%        N/A       5%          3
c - Poisonous Vapours     Pois/Air       32%        N/A       2%          2
d - Petrify               Tmut/Erth      17%        N/A       13%         4
e - Stone Arrow           Conj/Erth      26%        3d8       6%          3

Your spell library contained the following spells:

 Spells                   Type           Power      Damage    Failure   Level
 Wereblood                Tmut           18%        N/A       1%          2
 Sublimation of Blood     Necr           10%        N/A       4%          2
 Olgreb's Toxic Radiance  Pois           23%        N/A       8%          4
 Gell's Gravitas          Tloc           10%        N/A       9%          3
 Lesser Beckoning         Tloc           10%        N/A       9%          3
 Teleport Other           Tloc           10%        N/A       9%          3
 Animate Armour           Summ/Erth      26%        N/A       19%         4
 Irradiate                Conj/Tmut      7%         3d15      43%         5
 Summon Hydra             Summ           5%         N/A       100%        7
 Lehudib's Crystal Spear  Conj/Erth      6%         10d3      100%        8


Dungeon Overview and Level Annotations

Branches:
Dungeon (10/15)            Temple (1/1) D:5            Lair (0/6) D:9
    Orc: D:9-12

Altars:
Ashenzari
Cheibriados
Dithmenos
Elyvilon
Fedhas
Gozag
Hepliaklqana
Kikubaaqudgha
Makhleb
Nemelex Xobeh
Okawaru
Qazlal
Ru
Sif Muna
Trog
Uskayaw
Vehumet
Wu Jian
Xom
Yredelemnul
Zin
The Shining One

Annotations:
D:4 3 runed translucent doors, kMk's ghost, amateur OpTm


Innate Abilities, Weirdness & Mutations

You are very small and have problems with some larger weapons.
You are too small for most types of armour.
You have supernaturally acute eyesight. (SInv)
You cover ground extremely quickly. (Speed+++)
You are weak. (Str -2)


Message History

Press: ? - help, Shift-Dir - straight line, f - acid dragon
Aim: an acid dragon (severely wounded, 68% to hit)
The stone arrow misses the acid dragon.
The acid dragon spits acid at you. The splash of acid hits you!
The acid corrodes you!
Casting: Stone Arrow (dangerous; 6% risk of failure)
Confirm with . or Enter, or press ? or * to list all spells.
You can't see any susceptible monsters within range! (Use Z to cast anyway.)
Your +3 short sword of protection goes still.
The +5 shortbow of the Destroying Oracle {freeze, MP+9} is covered in frost.
b - the +5 shortbow of the Destroying Oracle (weapon)
{freeze, MP+9} Fire: 174 arrows
Press: ? - help, Q - select action, (/) - cycle Shift-Dir - straight line, f/p - acid dragon
Aim: an acid dragon (severely wounded, 69% to hit)
You shoot an arrow. The arrow hits the acid dragon.
The arrow freezes the acid dragon.
The acid dragon is almost dead.
Fire: 173 arrows
Press: ? - help, Q - select action, (/) - cycle Shift-Dir - straight line, f/p - acid dragon
Aim: an acid dragon (almost dead, 69% to hit)
You shoot an arrow.
The arrow closely misses the acid dragon.
Unknown command.
The acid dragon spits acid at you. The splash of acid hits you!!
Ouch! That really hurt!
* * * LOW HITPOINT WARNING * * *
You are no longer corroded.
Fire: 172 arrows
Press: ? - help, Q - select action, (/) - cycle Shift-Dir - straight line, f/p - acid dragon
Aim: an acid dragon (severely wounded, 69% to hit)
You shoot an arrow.
The arrow closely misses the acid dragon.
The acid dragon spits acid at you. The splash of acid misses you.
You see here a +0 leather armour.
The acid dragon spits acid at you. The splash of acid hits you!!
You die...
Your body disappears without a glow.

#################....#..#.......#
#..#...#....#...'....+..#.......#
#..#...#....#...#....#..#.......#
#.###'##....#...######..#########
..#....#.......Y................#
..#....'....................†....
..#....#.......=.................
.##################....####'##'##
....#...'.......@......#..'..#..#
....#...#.......[......#..#..#..#
#########......#+#.....##########
#......#.....................(...
'......'............D........(...
#.....Y#.........................
#......#.............(....D......
####...##########################
.......+...# . #..'


You could see an acid dragon (catching breath).

Vanquished Creatures
  Snorg (D:10)
  A two-headed ogre (D:6)
  A centaur warrior (D:9)
  Maurice (D:9)
  A gargoyle (D:10)
  Prince Ribbit (D:5)
  A shadow (D:10)
  Eustachio (D:4)
  11 yaks
  5 water moccasins (D:6)
  A hornet zombie (D:7)
  A sky beast (D:7)
  3 orc warriors
  4 ice beasts
  An ogre (D:5)
  2 centaurs
  A phantom (D:6)
  Blork the orc (D:4)
  4 kobold brigands
  3 bullfrogs
  A gnoll sergeant (D:8)
  4 scorpions
  A water moccasin skeleton (D:6)
  4 killer bees (D:10)
  7 wights
  5 centaur zombies
  A hound (D:6)
  7 orc priests
  2 centaur skeletons
  A jelly (D:4)
  2 bullfrog skeletons
  A gnoll shaman (D:7)
  3 iguanas
  6 orc wizards
  A howler monkey zombie (D:6)
  22 gnolls
  A howler monkey skeleton (D:6)
  7 adders
  2 ufetubi
  An adder zombie (D:5)
  A worm (D:2)
  2 dart slugs
  33 orcs
  9 ball pythons
  5 bats
  7 endoplasms
  14 giant cockroaches
  15 goblins
  10 hobgoblins
  3 jackals (D:1)
  38 kobolds
  2 frilled lizards (D:3)
  5 rats
268 creatures vanquished.

Vanquished Creatures (collateral kills)
  A killer bee (D:10)
1 creature vanquished.

Vanquished Creatures (others)
  A kobold (D:5)
  13 fungi (D:9)
  8 plants
22 creatures vanquished.

Grand Total: 291 creatures vanquished

Notes
Turn   | Place    | Note
-------+----------+-------------------------------------------
     0 | D:1      | Mamutox the Spriggan Venom Mage began the quest for the
                  | Orb.
     0 | D:1      | Reached XP level 1. HP: 9/9 MP: 5/5
   243 | D:1      | Reached XP level 2. HP: 13/13 MP: 5/7
   934 | D:1      | Reached XP level 3. HP: 16/16 MP: 7/9
   938 | D:1      | Learned a level 3 spell: Mephitic Cloud
   977 | D:1      | Learned a level 2 spell: Poisonous Vapours
  1655 | D:2      | Found an ancient bone altar of Kikubaaqudgha.
  2004 | D:2      | Reached XP level 4. HP: 21/21 MP: 2/11
  2104 | D:2      | Found a faded altar of an unknown god.
  2190 | D:2      | Reached skill level 4 in Stealth
  2674 | D:3      | Reached XP level 5. HP: 24/24 MP: 13/13
  3637 | D:3      | Reached skill level 1 in Short Blades
  3741 | D:3      | Reached skill level 5 in Stealth
  4331 | D:4      | Noticed Eustachio
  4346 | D:4      | Reached skill level 5 in Spellcasting
  4353 | D:4      | Found a runed translucent gate.
  4353 | D:4      | Found a runed translucent gate.
  4353 | D:4      | Found a runed translucent gate.
  4357 | D:4      | Noticed kMk's ghost (amateur OpTm)
  4558 | D:4      | Reached XP level 6. HP: 28/28 MP: 4/14
  4645 | D:4      | Reached skill level 1 in Slings
  5097 | D:4      | Noticed Blork the orc
  5147 | D:4      | Killed Blork the orc
  5258 | D:4      | You fall into a shaft and drop 3 floors!
  5402 | D:6      | Found a sacrificial altar of Ru.
  5450 | D:6      | Noticed a water moccasin
  5460 | D:6      | Noticed a water moccasin
  5481 | D:6      | Killed a water moccasin
  5482 | D:6      | Reached skill level 6 in Stealth
  5482 | D:6      | Reached XP level 7. HP: 32/32 MP: 13/16
  5741 | D:5      | Entered Level 5 of the Dungeon
  5799 | D:5      | Reached skill level 7 in Stealth
  5861 | D:5      | Reached skill level 8 in Stealth
  6334 | D:5      | Reached skill level 9 in Stealth
  7107 | D:5      | Noticed Prince Ribbit
  7167 | D:5      | Killed Prince Ribbit
  7168 | D:5      | Reached skill level 10 in Stealth
  7168 | D:5      | Reached XP level 8. HP: 31/36 MP: 11/18
  7416 | D:5      | Found a staircase to the Ecumenical Temple.
  7895 | D:4      | Killed Eustachio
  8287 | D:6      | Identified the +5 shortbow of the Destroying Oracle
                  | {freeze, MP+9}
  8391 | D:5      | Learned a level 4 spell: Petrify
  9081 | D:6      | Reached skill level 5 in Bows
  9269 | D:6      | Reached XP level 9. HP: 39/39 MP: 22/22
  9475 | D:6      | Noticed a two-headed ogre
  9521 | D:6      | Reached skill level 5 in Dodging
  9611 | D:6      | Killed a two-headed ogre
  9612 | D:6      | Reached skill level 11 in Stealth
 11325 | D:8      | Reached skill level 12 in Stealth
 12038 | D:8      | Learned a level 3 spell: Stone Arrow
 12059 | D:8      | Reached XP level 10. HP: 36/44 MP: 18/23
 12484 | D:8      | Reached skill level 1 in Earth Magic
 12972 | Temple   | Entered the Ecumenical Temple
 13447 | Temple   | Became a worshipper of Nemelex Xobeh the Trickster
 13725 | D:9      | Reached skill level 1 in Invocations
 13725 | D:9      | Reached skill level 1 in Evocations
 13734 | D:9      | Noticed a centaur warrior
 13744 | D:9      | Killed a centaur warrior
 13903 | D:9      | Noticed Maurice
 13929 | D:9      | Killed Maurice
 13930 | D:9      | Reached skill level 5 in Evocations
 14235 | D:9      | Found a staircase to the Lair.
 14243 | D:9      | Found an opulent altar of Gozag.
 14611 | D:10     | Entered Level 10 of the Dungeon
 14630 | D:9      | Gained mutation: You are weak. (Str -2) [potion of
                  | mutation]
 15346 | D:10     | Reached skill level 5 in Short Blades
 15350 | D:10     | Reached skill level 13 in Stealth
 15557 | D:10     | Noticed Snorg
 15608 | D:10     | Killed Snorg
 15609 | D:10     | Reached XP level 11. HP: 43/47 MP: 25/25
 15662 | D:10     | Reached * piety under Nemelex Xobeh
 16854 | D:10     | Received a gift from Nemelex Xobeh
 17819 | D:10     | Killed from afar by an acid dragon

Illustrated notes

Levels and vault maps discovered:
D:1:      amcnicky_arrival_feature_with_door, layout_loops_ring, nrook_campfire,
          minmay_pentomino_v2
D:2:      layout_basic, basic_altar, basic_ecumenical_altar
D:3:      minmay_roachtagon, layout_basic
D:4:      layout_rooms, gammafunk_ghost_necromancy, uniq_blork_the_orc,
          uniq_eustachio
D:5:      corexii_shantytown, layout_basic, minmay_temple_entry_junction,
          uniq_prince_ribbit1
D:6:      minmay_chambers_of_fours, layout_basic,
          mainiacjoe_overflow_small_starburst, kennysheep_generic_room_3
D:7:      layout_cave_pools
D:8:      layout_rooms
D:9:      layout_roguey, general_overflow_altar, grunt_lair_entry_orc_guard_hut,
          uniq_maurice
D:10:     layout_grid_maze, uniq_snorg
Temple:   mainiacjoe_temple_cubbyholes

Skill      XL: |  1  2  3  4  5  6  7  8  9 10 11 |
---------------+----------------------------------+-----
Spellcasting   | 3 4 5 6 8 9 |  9.9
Dodging        | 3 4 7 8 9 |  9.3
Stealth        | 4 5 6 10 12 13 | 13.7
Short Blades   | 1 4 5 6 |  6.0
Slings         | 3 |  3.5
Bows           | 6 8 |  8.0
Earth Magic    | 1 |  1.6
Invocations    | 3 |  3.9
Evocations     | 5 |  5.2
Transmutations | |  1.8
Poison Magic   | |  3.0

Action                   |  1- 3 |  4- 6 |  7- 9 | 10-12 || total
-------------------------+-------+-------+-------+-------++-------
Melee: Short sword       |     4 |       |       |    63 ||    67
       Dagger            |    18 |    34 |    50 |    23 ||   125
 Fire: Hunting sling     |       |     9 |     4 |       ||    13
       Shortbow          |       |       |   123 |    82 ||   205
 Cast: Sting             |    48 |    68 |   169 |    97 ||   382
       Poisonous Vapours |     4 |    27 |    34 |    16 ||    81
       Mephitic Cloud    |     2 |       |     3 |    24 ||    29
       Petrify           |       |       |     1 |       ||     1
       Stone Arrow       |       |       |     3 |    15 ||    18
  Use: Scroll            |       |       |       |    13 ||    13
       Potion            |       |       |       |     1 ||     1
 Stab: Sleeping          |     6 |    13 |    13 |     3 ||    35
       Distracted        |       |       |     1 |     3 ||     4
       Confused          |       |       |       |     9 ||     9
Armor: Robe              |     1 |     3 |     4 |    12 ||    20
Dodge: Dodged            |    14 |    35 |    78 |   110 ||   237
Block: Other             |       |       |    15 |    32 ||    47
       Reflection        |       |       |     2 |     4 ||     6

Table legend: (Time is in decaauts)
 A = Elapsed time spent in this place.
 B = Non-inter-level travel time spent in this place.
 C = Inter-level travel time spent in this place.
 D = Time resting spent in this place.
 E = Time spent auto-exploring this place.
 F = Levels seen in this place.
 G = Mean time per level.
                   A        B        C        D        E       F      G
               +--------+--------+--------+--------+--------+-----+--------+
         Total |  12933 |  12546 |    387 |   2459 |   5181 |  11 | 1175.7 |
       Dungeon |  12580 |  12212 |    368 |   2359 |   5019 |  10 | 1258.0 |
        Temple |    353 |    334 |     19 |    100 |    161 |   1 |  353.0 |
               +--------+--------+--------+--------+--------+-----+--------+

Top non-repeatable levels by time:
    D:10: 1986 daAuts
     D:6: 1722 daAuts
     D:5: 1491 daAuts
     D:9: 1252 daAuts
     D:7: 1210 daAuts
     D:3: 1140 daAuts
     D:2: 1109 daAuts
     D:4: 957 daAuts
     D:8: 932 daAuts
     D:1: 778 daAuts
  Temple: 353 daAuts
